 Dungeon Crawl Stone Soup version 0.21-a0-371-gd56c60c (webtiles) character file.

343301 Multipenetrator the Timeless (level 22, -2/173 HPs)
             Began as a Gnoll Wanderer on Oct 8, 2017.
             Was a High Priest of Cheibriados.
             Slain by a cyan very ugly thing (24 damage)
             ... on level 3 of the Depths on Oct 16, 2017.
             The game lasted 11:17:37 (44303 turns).

Multipenetrator the Timeless (Gnoll Wanderer)      Turns: 44303, Time: 11:17:38

Health: -2/173     AC: 30    Str: 36    XL:     22   Next: 5%
Magic:  27/40      EV: 25    Int: 24    God:    Cheibriados [*****.]
Gold:   1489       SH:  0    Dex: 30    Spells: 10/50 levels left

rFire    + . .     SeeInvis +   b - +0 executioner's axe (chop)
rCold    . . .     Gourm    .   (shield currently unavailable)
rNeg     . . .     Faith    .   T - +4 plate armour {MR+}
rPois    +         Spirit   .   o - +2 helmet {SInv}
rElec    .         Reflect  .   E - +1 cloak
rCorr    .         Harm     .   x - +0 pair of gloves
MR       ++...     Clarity  +   O - +1 pair of boots of Mexzepne {Slay+3 SInv}
Stlth    +++.......             p - amulet of magic regeneration
HPRegen  1.38/turn              A - +5 ring of strength
MPRegen  0.52/turn              Z - ring of protection from fire

@: very slightly contaminated, regenerating (expiring), very slow
A: distributed training, fangs 1, talons 1, repulsion field 1, thin skeletal
structure 1, see invisible, blink, clarity, clumsy 1, dopey 1, poison
resistance, MP-powered wands, strong nose
}: 2/15 runes: decaying, serpentine
a: Blink, Bend Time, Temporal Distortion, Slouch, Step From Time, Renounce
Religion


You were on level 3 of the Depths.
You worshipped Cheibriados.
Cheibriados was extremely pleased with you.
You were not hungry.

You visited 7 branches of the dungeon, and saw 37 of its levels.
You visited the Abyss 1 time.
You visited 1 bazaar.
You also visited: Ossuary and Ice Cave.

You collected 4758 gold pieces.
You spent 3269 gold pieces at shops.

Inventory:

Hand Weapons
 a - the +3 dagger "Fophuito" {drain, rPois}
   (You found it on level 3 of the Elven Halls)

   A truly terrible weapon, it drains the life of those it strikes.
   It protects you from poison.
 b - a +0 executioner's axe of chopping (weapon)
 w - the +7 spear of Recklessness {pain, MR++ Stlth-}
   (You found it on level 4 of the Snake Pit)

   In the hands of one skilled in necromantic magic, it inflicts extra damage on
   living creatures.
   It affects your resistance to hostile enchantments.
   It makes you less stealthy.
Missiles
 H - 2 throwing nets (quivered)
Armour
 i - the +3 scale mail of Time Monsters {rCorr Int+4}
   (You bought it in a shop in a bazaar)

   It affects your intelligence (+4).
   It protects you from acid and corrosion.
 o - a +2 helmet of see invisible (worn)
 x - a +0 pair of gloves (worn)
 E - a +1 cloak (worn)
 O - the +1 pair of boots of Mexzepne (worn) {Slay+3 SInv}
   (You bought it in a shop on level 2 of the Orcish Mines)

   It affects your accuracy and damage with ranged weapons and melee attacks
   (+3).
   It lets you see invisible.
 T - a +4 plate armour of magic resistance (worn)
Jewellery
 c - an uncursed ring of protection from magic
 p - an amulet of magic regeneration (around neck)
 q - the ring of the Establishment {rElec rC+ MR- Str+3 Int+4}
   (You took it off a deep elf demonologist on level 3 of the Elven Halls)

   [ring of protection from cold]

   It affects your strength (+3).
   It affects your intelligence (+4).
   It protects you from cold.
   It insulates you from electricity.
   It affects your resistance to hostile enchantments.
 y - an uncursed ring of wizardry
 A - a +5 ring of strength (left hand)
 Z - a ring of protection from fire (right hand)
Wands
 v - a wand of acid (6/15)
 D - a wand of acid (8/15)
 M - a wand of digging (8/24)
Scrolls
 e - 6 scrolls of fog
 g - 13 scrolls of remove curse
 j - a scroll of recharging
 l - 7 scrolls of magic mapping
 n - 5 scrolls of fear
 r - 14 scrolls of teleportation
 s - a scroll of brand weapon
 F - 3 scrolls of enchant weapon
 I - 15 scrolls of identify
 Q - 5 scrolls of enchant armour
 W - a scroll of summoning
 Y - 6 scrolls of blinking
Potions
 d - 2 potions of ambrosia
 m - 3 potions of might
 u - 2 potions of magic
 z - a potion of invisibility
 B - 5 potions of brilliance
 G - 6 potions of curing
 J - 3 potions of cancellation
 K - 8 potions of heal wounds
 L - 2 potions of flight
 P - 3 potions of resistance
 V - 6 potions of agility
Miscellaneous
 C - a phial of floods (inert)
 R - a sack of spiders
 U - a box of beasts
Comestibles
 f - 16 bread rations


   Skills:
 + Level 14.7 Fighting
 + Level 14.1 Short Blades
 + Level 14.7 Long Blades
 + Level 14.1 Axes
 + Level 14.1 Maces & Flails
 + Level 14.1 Polearms
 + Level 14.1 Staves
 + Level 14.1 Slings
 + Level 14.1 Bows
 + Level 14.1 Crossbows
 + Level 14.3 Throwing
 + Level 14.1 Armour
 + Level 14.3 Dodging
 + Level 14.3 Stealth
 + Level 14.1 Shields
 + Level 14.1 Unarmed Combat
 + Level 14.8 Spellcasting
 + Level 12.1 Conjurations
 + Level 12.1 Hexes
 + Level 12.1 Charms
 + Level 12.3 Summonings
 + Level 12.1 Necromancy
 + Level 12.1 Translocations
 + Level 12.1 Transmutations
 + Level 12.1 Fire Magic
 + Level 12.1 Ice Magic
 + Level 12.1 Air Magic
 + Level 12.1 Earth Magic
 + Level 12.1 Poison Magic
 + Level 15.2 Invocations
 + Level 14.1 Evocations


You had 10 spell levels left.
You knew the following spells:

 Your Spells              Type           Power        Failure   Level  Hunger
a - Bolt of Magma         Conj/Fire/Erth ######....   2%          5    ##.....
b - Call Canine Familiar  Summ           ######..     1%          3    None
c - Summon Lightning Spi  Summ/Air       ######..     1%          4    None
d - Sticky Flame          Conj/Fire      ######..     1%          4    None
e - Summon Ice Beast      Ice/Summ       ######..     1%          4    None
f - Fireball              Conj/Fire      ######....   2%          5    ##.....
g - Controlled Blink      Tloc           N/A          99%         8    #######
r - Regeneration          Chrm/Necr      ######....   1%          3    None
s - Airstrike             Air            ######....   1%          4    None


Dungeon Overview and Level Annotations

Branches:
Dungeon (15/15)            Temple (0/1) D:4            Lair (6/6) D:9
  Swamp (4/4) Lair:3        Snake (4/4) Lair:3        Slime (0/5) Lair:6
    Orc (2/2) D:11            Elf (3/3) Orc:2        Vaults (0/5) D:14
 Depths (3/5) D:15

Altars:
Ashenzari
Cheibriados
Fedhas
Makhleb
Ru
Sif Muna
Trog
Uskayaw
Wu Jian
Beogh

Shops:
D:8 (   D:13 }%::!   Orc:2 [:*=   Elf:1 ?   Snake:1 =}=   Snake:4 }
Depths:2 }

Portals:
Hell: Depths:1 Depths:2 Depths:3
Abyss: Depths:1
Pandemonium: Depths:2 Depths:3


Innate Abilities, Weirdness & Mutations

Your experience applies equally to all skills.
You have very sharp teeth.
Your uncanny sense of smell can sniff out nearby items.
You have sharp toenails.
You are surrounded by a mild repulsion field. (EV +2)
You have a somewhat thin skeletal structure. (Dex +2, Stealth)
You have supernaturally acute eyesight. (SInv)
You can translocate small distances at will.
You possess an exceptional clarity of mind.
You are clumsy. (Dex -2)
You are dopey. (Int -2)
Your system is resistant to poisons. (rPois)
You expend magic power (3 MP) to strengthen your wands.


Message History

You cut the cyan very ugly thing into ribbons!!!
You bite the cyan very ugly thing.
The cyan very ugly thing is severely wounded.
The cyan very ugly thing engulfs you!
* * * LOW HITPOINT WARNING * * *
The cyan very ugly thing shocks you!!
* * * LOW HITPOINT WARNING * * *
You slice the cyan very ugly thing!!
You kill the cyan very ugly thing!
Cheibriados appreciates the change of pace.
You hit the cyan very ugly thing.
Your skin is crawling a little less now.
The cyan very ugly thing barely misses you.
The cyan very ugly thing claws you but does no damage.
You hit the cyan very ugly thing. You bite the cyan very ugly thing.
The cyan very ugly thing is severely wounded.
The cyan very ugly thing claws you!
* * * LOW HITPOINT WARNING * * *
The cyan very ugly thing shocks you!!
You die...

##**#########*,*,,,,,,,,,,,,,,,**
...*#.......#####.......,,,,*,,,,
...##...................,,,,*,,,∩
...>.(.....∩............,,,,,,,,,
...[<[..##....?.........,,,,,,,,,
...[.().#..........≈....,,,,,,,,,
...([.........<.....≈...,,,,,,,,,
...(....................,,,,,,,,,
......≈≈≈≈≈.....@..≈...........,,
.....≈≈≈≈≈≈≈....)u..............,
.....≈≈>[<≈≈..#....§§............
....#≈≈≈)≈≈≈.......§≈....≈.......
......≈≈≈≈≈........§.§#..≈.......
.....................†...........
.....#..............#...≈≈.......
.##.###.................†........
*#..,*#..............###)........


You could see a cyan very ugly thing.

Vanquished Creatures
  Jorgrun (Elf:2)
  A tentacled monstrosity (Depths:2)
  A lich (Depths:1)
  Kirke (D:12)
  2 tentacled starspawn (Abyss:2)
  2 thorn hunters
  Donald (Orc:2)
  2 tengu reavers
  7 nagarajas (Snake:4)
  4 fire giants
  3 frost giants
  2 orc warlords
  Aizul (Snake:1)
  7 deep elf sorcerers
  3 cacodemons (Abyss:2)
  3 deep elf elementalists (Elf:3)
  A spriggan defender (Depths:2)
  11 very ugly things
  2 deep elf demonologists (Elf:3)
  2 vampire knights
  10 stone giants
  A spark wasp (Depths:2)
  3 deep elf annihilators
  Snorg (D:12)
  4 ettins
  5 deep elf death magi
  An eidolon (Abyss:2)
  4 fire dragons
  Josephine (Orc:2)
  A deep elf high priest (Elf:3)
  5 ice dragons
  The ghost of kohrah the Basher, a journeyman GrFi of Okawaru (D:12)
  12 hydras
  15 naga warriors
  3 great orbs of eyes
  2 rakshasas
  3 vault guards (D:14)
  A spriggan air mage (Depths:2)
  4 ghost crabs
  5 centaur warriors
  2 catoblepae (Lair:6)
  19 two-headed ogres
  4 ogre magi (Depths:1)
  A queen ant (Lair:2)
  23 dancing weapons
  A death knight (D:10)
  21 anacondas
  8 deep troll shamans
  11 alligators
  2 vampire magi
  7 death yaks (Lair:6)
  3 deep troll earth magi
  2 thrashing horrors (Abyss:2)
  3 tengu warriors
  9 shock serpents
  3 orc high priests (Orc:2)
  9 naga sharpshooters
  A shock serpent (shapeshifter) (Depths:1)
  A spriggan berserker (Depths:2)
  11 deep elf knights
  2 wretched stars (Abyss:2)
  A sixfirhy (Depths:3)
  Sonja (D:10)
  2 salamander mystics
  5 skeletal warriors (D:15)
  10 spriggans
  3 fire crabs (Swamp:4)
  An iron troll (Depths:2)
  2 glowing orange brains
  3 spriggan druids
  A flayed ghost (Depths:2)
  14 deep trolls
  4 unseen horrors
  A sea snake (Snake:2)
  An unseen horror (shapeshifter) (D:14)
  8 naga ritualists
  2 wizards
  Pikel (D:4)
  An orange crystal statue (Elf:1)
  12 swamp dragons
  2 shambling mangroves (Swamp:3)
  8 deep elf archers
  A shadow dragon zombie (Abyss:2)
  2 necromancers
  A wolf spider (D:15)
  42 deep elf magi
  7 mana vipers
  4 orc knights
  4 orc sorcerers (Orc:2)
  24 ugly things
  4 manticores
  2 cyclopes
  10 salamanders
  Maurice (D:10)
  A salamander (shapeshifter) (D:15)
  A worldbinder (Abyss:2)
  A manticore (shapeshifter) (Depths:1)
  A frost giant zombie (Depths:2)
  23 naga magi
  43 black mambas
  Joseph (Lair:1)
  5 elephants (Lair:4)
  A torpor snail (Lair:4)
  A water nymph (shapeshifter) (Depths:2)
  5 guardian serpents
  5 ice statues (IceCv)
  4 centaur zombies
  A stone giant skeleton (Depths:2)
  2 apocalypse crabs (Abyss:2)
  An orange demon (Abyss:2)
  2 rime drakes
  10 spiny frogs
  2 gargoyles
  A yaktaur (Depths:2)
  A yaktaur (shapeshifter) (Elf:1)
  A freezing wraith (D:14)
  A tormentor (Abyss:2)
  An ice devil (Depths:3)
  An efreet (Abyss:2)
  A golden dragon simulacrum (IceCv)
  2 anaconda simulacra (IceCv)
  4 komodo dragons
  2 ancient zymes (Abyss:2)
  A queen bee (Lair:2)
  9 trolls
  A meliai (shapeshifter) (Elf:1)
  A polar bear (shapeshifter) (D:15)
  6 tyrant leeches
  14 hornets
  3 blink frogs
  A raiju (Abyss:2)
  A polar bear (Lair:5)
  3 bog bodies
  27 slime creatures
  A tyrant leech (shapeshifter) (Depths:2)
  A dream sheep (Lair:5)
  9 hippogriffs
  7 wraiths
  2 air elementals
  A shadow (D:15)
  2 dire elephant simulacra (IceCv)
  3 wyverns
  3 ynoxinuls (Abyss:2)
  28 yaks
  A vampire (D:14)
  2 water elementals (D:14)
  A chaos spawn (Abyss:2)
  3 fire elementals
  5 hogs (D:12)
  A spriggan simulacrum (Depths:2)
  25 vampire mosquitoes
  7 large abominations
  15 insubstantial wisps
  A steam dragon (Swamp:4)
  7 wargs
  A harpy simulacrum (IceCv)
  32 nagas
  2 hydra simulacra (IceCv)
  Edmund (D:6)
  9 soldier ants
  9 swamp worms
  A floating eye (Depths:3)
  2 small abominations (Abyss:2)
  13 swamp drakes
  46 orc warriors
  8 ice beasts
  7 porcupines
  2 black bears
  A slave (D:4)
  18 water moccasins
  6 starcursed masses (Abyss:2)
  3 sky beasts
  A hornet zombie (D:14)
  An eye of draining (D:12)
  2 wolves (Lair:5)
  20 ogres
  4 phantoms
  7 crocodiles
  3 centaurs
  An elf zombie (Elf:1)
  17 bullfrogs
  An earth elemental (Elf:3)
  A gnoll sergeant (D:11)
  2 wyvern skeletons
  2 water moccasin skeletons
  4 scorpions
  43 killer bees
  4 howler monkeys
  An electric eel (Elf:3)
  8 crimson imps
  A lava snake (Swamp:4)
  6 hounds
  3 quasits
  8 centaur skeletons
  2 jellies
  3 bullfrog zombies
  29 orc priests
  14 orc wizards
  An iron imp (Depths:2)
  5 iguanas
  29 worker ants
  A killer bee zombie (D:7)
  2 hound skeletons
  4 mummies (Ossuary)
  2 worker ant zombies
  12 gnolls
  A howler monkey skeleton (D:7)
  6 adders
  4 shadow imps
  2 white imps (Abyss:2)
  7 oozes
  2 adder skeletons
  2 adder zombies
  2 worms (D:4)
  A dart slug (D:1)
  7 leopard geckos
  70 orcs
  2 ball pythons
  2 bats
  2 giant cockroaches
  7 goblins
  4 hobgoblins
  2 jackals (D:11)
  16 kobolds
  5 quokkas
  4 frilled lizards
  A gnoll zombie (Ossuary)
  A kobold zombie (Ossuary)
  3 orc zombies (Ossuary)
  A quokka skeleton (D:5)
  12 rats
  2 fungi (D:9)
  2 starspawn tentacles (Abyss:2)
1359 creatures vanquished.

Vanquished Creatures (collateral kills)
  A deep elf master archer (Elf:3)
  Gastronok (Lair:1)
  A balrug (Depths:3)
  A nagaraja (Snake:4)
  A deep elf sorcerer (Elf:3)
  A deep elf elementalist (Elf:3)
  A very ugly thing (Depths:1)
  2 stone giants (Depths:2)
  A deep elf demonologist (Elf:3)
  A deep elf annihilator (Elf:3)
  A fire dragon (Depths:3)
  A deep elf death mage (Elf:3)
  A deep elf high priest (Elf:3)
  3 hydras
  A vault guard (D:14)
  A naga warrior (Snake:4)
  A catoblepas (Lair:6)
  2 centaur warriors
  A two-headed ogre (D:10)
  3 dancing weapons
  An alligator (Swamp:2)
  5 naga sharpshooters
  An orc high priest (Orc:2)
  2 deep elf knights
  A salamander mystic (Snake:3)
  3 deep elf archers
  2 naga ritualists
  An orc knight (Orc:2)
  12 deep elf magi
  An ugly thing (D:13)
  2 mana vipers
  3 salamanders
  A manticore (Lair:6)
  2 cyclopes
  6 elephants (Lair:4)
  A large abomination (Elf:1)
  10 black mambas
  6 naga magi
  A guardian serpent (Snake:4)
  2 rime drakes
  A spiny frog (Swamp:3)
  A komodo dragon (D:14)
  4 yaktaurs
  An anaconda simulacrum (IceCv)
  A red devil (Depths:3)
  A queen bee (D:8)
  2 trolls (D:14)
  Grinder (D:6)
  A hornet (Swamp:3)
  9 blink frogs
  4 slime creatures
  2 bog bodies (Swamp:3)
  5 dream sheep (Lair:5)
  2 hippogriffs
  An air elemental (Elf:3)
  3 basilisks
  A spriggan (Swamp:3)
  8 yaks
  A steam dragon (Swamp:4)
  A chaos spawn (Abyss:2)
  3 swamp worms
  4 vampire mosquitoes
  2 soldier ants
  2 insubstantial wisps (Swamp:2)
  An acid dragon (D:10)
  18 nagas
  3 water moccasins (Snake:2)
  A floating eye (Depths:2)
  Duvessa (D:6)
  2 swamp drakes (Swamp:4)
  2 orc warriors
  2 ice beasts (IceCv)
  8 ogres
  4 phantoms
  2 centaurs
  3 wolves (Lair:5)
  An elf zombie (Elf:1)
  5 bullfrogs
  A wyvern zombie (D:8)
  An earth elemental (Elf:3)
  Dowan (D:6)
  2 scorpions
  12 killer bees
  3 wights (D:6)
  An electric eel (Elf:3)
  3 howler monkeys
  2 crimson imps
  2 hounds
  3 jellies
  3 orc priests
  7 orc wizards
  An iron imp (Abyss:2)
  An iguana (D:7)
  7 worker ants
  A hound skeleton (D:7)
  4 mummies (Ossuary)
  4 gnolls
  7 adders
  A shadow imp (D:6)
  An ooze (D:7)
  A worm (D:2)
  A leopard gecko (D:6)
  42 orcs
  A giant cockroach (D:4)
  A gnoll zombie (Ossuary)
  2 goblins (D:1)
  A hobgoblin (D:1)
  A kobold (D:3)
  A quokka (D:7)
  A ball python (Snake:2)
  A bat (D:1)
  4 frilled lizards
  2 orc zombies (Ossuary)
  5 rats
  A fungus (Lair:3)
336 creatures vanquished.

Vanquished Creatures (others)
  A spriggan (Swamp:2)
  4 swamp dragons (Swamp:4)
  A deep elf mage (Elf:3)
  A black mamba (Snake:4)
  A hornet (Swamp:2)
  A blink frog (Swamp:4)
  A human (D:12)
  A steam dragon (Swamp:4)
  A vampire mosquito (Swamp:4)
  2 swamp drakes (Swamp:4)
  A bullfrog (D:14)
  A small abomination (Abyss:2)
  A fungus (Lair:5)
  A lurking horror (Abyss:2)
  A plant (Snake:1)
  4 starspawn tentacles (Abyss:2)
23 creatures vanquished.

Grand Total: 1718 creatures vanquished

Notes
Turn   | Place    | Note
-------+----------+-------------------------------------------
     0 | D:1      | Multipenetrator the Gnoll Wanderer began the quest for the Orb.
     0 | D:1      | Multipenetrator set off with: a book of Callings, a +0 quarterstaff, 11 poisoned needles, a +0 blowgun, a +0 robe, a bread ration
     0 | D:1      | Reached XP level 1. HP: 20/20 MP: 6/6
   197 | D:1      | Learned a level 1 spell: Summon Small Mammal
   344 | D:1      | Reached XP level 2. HP: 15/26 MP: 5/7
   807 | D:1      | Reached XP level 3. HP: 30/31 MP: 6/9
   909 | D:1      | Learned a level 3 spell: Call Canine Familiar
  1042 | D:1      | Reached skill level 5 in Spellcasting
  1232 | D:2      | Noticed an ogre
  1290 | D:2      | Reached skill level 1 in Short Blades
  1290 | D:2      | Reached skill level 1 in Axes
  1290 | D:2      | Reached skill level 1 in Maces & Flails
  1290 | D:2      | Reached skill level 1 in Polearms
  1290 | D:2      | Reached skill level 1 in Staves
  1290 | D:2      | Reached skill level 1 in Slings
  1290 | D:2      | Reached skill level 1 in Bows
  1290 | D:2      | Reached skill level 1 in Crossbows
  1290 | D:2      | Reached skill level 1 in Armour
  1290 | D:2      | Reached skill level 1 in Shields
  1290 | D:2      | Reached skill level 1 in Unarmed Combat
  1290 | D:2      | Reached skill level 1 in Conjurations
  1290 | D:2      | Reached skill level 1 in Hexes
  1290 | D:2      | Reached skill level 1 in Charms
  1290 | D:2      | Reached skill level 1 in Necromancy
  1290 | D:2      | Reached skill level 1 in Translocations
  1290 | D:2      | Reached skill level 1 in Transmutations
  1290 | D:2      | Reached skill level 1 in Fire Magic
  1290 | D:2      | Reached skill level 1 in Ice Magic
  1290 | D:2      | Reached skill level 1 in Air Magic
  1290 | D:2      | Reached skill level 1 in Earth Magic
  1290 | D:2      | Reached skill level 1 in Poison Magic
  1290 | D:2      | Reached skill level 1 in Invocations
  1290 | D:2      | Reached skill level 1 in Evocations
  1290 | D:2      | Reached XP level 4. HP: 36/38 MP: 9/11
  1678 | D:2      | Killed an ogre
  1678 | D:2      | Reached XP level 5. HP: 36/43 MP: 4/12
  2517 | D:3      | Found a burning altar of Makhleb.
  2520 | D:3      | Found a snail-covered altar of Cheibriados.
  2528 | D:3      | Became a worshipper of Cheibriados the Contemplative
  2919 | D:4      | Noticed an ogre
  2932 | D:3      | Reached XP level 6. HP: 39/50 MP: 9/13
  2996 | D:4      | Found a shattered altar of Ashenzari.
  3364 | D:4      | Noticed a phantom
  3390 | D:4      | Killed a phantom
  3390 | D:4      | Reached skill level 5 in Fighting
  3390 | D:4      | Reached skill level 5 in Long Blades
  3390 | D:4      | Reached skill level 2 in Invocations
  3680 | D:4      | Noticed a slave
  3701 | D:4      | Killed a slave
  3711 | D:4      | Noticed a slave
  3712 | D:4      | Noticed a slave
  3713 | D:4      | Noticed Pikel
  3720 | D:4      | Noticed a slave
  3744 | D:4      | Killed Pikel
  3744 | D:4      | Reached XP level 7. HP: 16/56 MP: 2/15
  3744 | D:4      | Reached XP level 8. HP: 18/63 MP: 2/16
  4076 | D:4      | Reached skill level 3 in Invocations
  4082 | D:4      | Learned a level 4 spell: Summon Lightning Spire
  4089 | D:4      | Found a staircase to the Ecumenical Temple.
  4335 | D:4      | Noticed a moth of wrath
  4337 | D:4      | Found a bloodstained altar of Trog.
  4348 | D:4      | Reached * piety under Cheibriados
  4878 | D:5      | Entered Level 5 of the Dungeon
  4878 | D:5      | Found a deep blue altar of Sif Muna.
  5057 | D:5      | Found a hide-covered altar of Uskayaw.
  5796 | D:6      | Noticed Edmund
  5809 | D:6      | Killed Edmund
  5882 | D:6      | Reached XP level 9. HP: 68/69 MP: 15/18
  5914 | D:6      | Gained mutation: You are clumsy. (Dex -2) [potion of mutation]
  5914 | D:6      | Gained mutation: You are surrounded by a mild repulsion field. (EV +2) [potion of mutation]
  5934 | D:6      | Lost mutation: You are clumsy. (Dex -2) [potion of mutation]
  5934 | D:6      | Lost mutation: You are surrounded by a mild repulsion field. (EV +2) [potion of mutation]
  5934 | D:6      | Gained mutation: You occasionally shout uncontrollably at your foes. [potion of mutation]
  5934 | D:6      | Gained mutation: Your mind is acute. (Int +2) [potion of mutation]
  5935 | D:6      | Lost mutation: Your mind is acute. (Int +2) [potion of mutation]
  5935 | D:6      | Lost mutation: You occasionally shout uncontrollably at your foes. [potion of mutation]
  5935 | D:6      | Gained mutation: Your body sometimes deteriorates upon taking damage. [potion of mutation]
  5935 | D:6      | Gained mutation: Your spells are a little easier to cast, but a little less powerful. [potion of mutation]
  5935 | D:6      | Gained mutation: You are resistant to hostile enchantments. (MR+) [potion of mutation]
  5935 | D:6      | Gained mutation: Your flesh is heat resistant. (rF+) [potion of mutation]
  5936 | D:6      | Lost mutation: You are resistant to hostile enchantments. (MR+) [potion of mutation]
  5936 | D:6      | Lost mutation: Your flesh is heat resistant. (rF+) [potion of mutation]
  5936 | D:6      | Lost mutation: Your body sometimes deteriorates upon taking damage. [potion of mutation]
  5936 | D:6      | Gained mutation: Your muscles are strong. (Str +2) [potion of mutation]
  5936 | D:6      | Gained mutation: You have a pair of small antennae on your head. [potion of mutation]
  5936 | D:6      | Gained mutation: You have large cloven feet. [potion of mutation]
  5937 | D:6      | Lost mutation: Your spells are a little easier to cast, but a little less powerful. [potion of mutation]
  5937 | D:6      | Lost mutation: You have a pair of small antennae on your head. [potion of mutation]
  5937 | D:6      | Lost mutation: You have large cloven feet. [potion of mutation]
  5937 | D:6      | Gained mutation: You do not regenerate when monsters are visible. [potion of mutation]
  5937 | D:6      | Gained mutation: You possess an exceptional clarity of mind. [potion of mutation]
  5937 | D:6      | Gained mutation: You are surrounded by a mild repulsion field. (EV +2) [potion of mutation]
  6079 | D:6      | Reached ** piety under Cheibriados
  6089 | D:6      | Found a sand-covered staircase.
  6092 | D:6      | Gained mutation: You have supernaturally acute eyesight. (SInv) [mutagenic meat]
  6095 | D:6      | Gained mutation: Your spells are a little easier to cast, but a little less powerful. [mutagenic meat]
  6108 | Ossuary  | Entered an ossuary
  6571 | D:6      | Noticed Duvessa
  6578 | D:6      | Noticed Dowan
  6583 | D:6      | Killed Duvessa
  6583 | D:6      | Reached skill level 4 in Invocations
  6588 | D:6      | Killed Dowan
  7062 | D:6      | Lost mutation: Your muscles are strong. (Str +2) [potion of mutation]
  7062 | D:6      | Lost mutation: Your spells are a little easier to cast, but a little less powerful. [potion of mutation]
  7062 | D:6      | Lost mutation: You do not regenerate when monsters are visible. [potion of mutation]
  7062 | D:6      | Gained mutation: You have a somewhat thin skeletal structure. (Dex +2, Stealth) [potion of mutation]
  7062 | D:6      | Gained mutation: You are frail. (-10% HP) [potion of mutation]
  7062 | D:6      | Gained mutation: You evolve. [potion of mutation]
  7062 | D:6      | Gained mutation: You have sharp toenails. [potion of mutation]
  7103 | D:6      | Noticed Grinder
  7116 | D:6      | Killed Grinder
  7116 | D:6      | Reached skill level 5 in Throwing
  7116 | D:6      | Reached skill level 5 in Dodging
  7116 | D:6      | Reached skill level 5 in Summonings
  7118 | D:6      | Lost mutation: You are frail. (-10% HP) [evolution]
  7122 | D:6      | Found a bloodstained altar of Trog.
  7424 | D:7      | Reached *** piety under Cheibriados
  7463 | D:7      | Found an ornate altar of the Wu Jian Council.
  7970 | D:7      | Reached skill level 5 in Stealth
  8015 | D:7      | Found a blossoming altar of Fedhas.
  8416 | D:8      | Noticed a two-headed ogre
  8426 | D:8      | Reached **** piety under Cheibriados
  8429 | D:8      | Killed a two-headed ogre
  8429 | D:8      | Reached XP level 10. HP: 51/77 MP: 7/20
  8693 | D:8      | Reached skill level 5 in Short Blades
  8693 | D:8      | Reached skill level 5 in Axes
  8693 | D:8      | Reached skill level 5 in Maces & Flails
  8693 | D:8      | Reached skill level 5 in Polearms
  8693 | D:8      | Reached skill level 5 in Staves
  8693 | D:8      | Reached skill level 5 in Slings
  8693 | D:8      | Reached skill level 5 in Bows
  8693 | D:8      | Reached skill level 5 in Crossbows
  8693 | D:8      | Reached skill level 5 in Armour
  8693 | D:8      | Reached skill level 5 in Shields
  8693 | D:8      | Reached skill level 5 in Unarmed Combat
  8693 | D:8      | Reached skill level 5 in Conjurations
  8693 | D:8      | Reached skill level 5 in Hexes
  8693 | D:8      | Reached skill level 5 in Charms
  8693 | D:8      | Reached skill level 5 in Necromancy
  8693 | D:8      | Reached skill level 5 in Translocations
  8693 | D:8      | Reached skill level 5 in Transmutations
  8693 | D:8      | Reached skill level 5 in Fire Magic
  8693 | D:8      | Reached skill level 5 in Ice Magic
  8693 | D:8      | Reached skill level 5 in Air Magic
  8693 | D:8      | Reached skill level 5 in Earth Magic
  8693 | D:8      | Reached skill level 5 in Poison Magic
  8693 | D:8      | Reached skill level 5 in Invocations
  8693 | D:8      | Reached skill level 5 in Evocations
  8702 | D:8      | Reached ***** piety under Cheibriados
  8873 | D:8      | Gained mutation: You can translocate small distances at will. [evolution]
  9003 | D:8      | Found Jinang's Weapon Shop.
  9570 | D:9      | Found a staircase to the Lair.
  9667 | D:9      | Learned a level 4 spell: Sticky Flame
  9910 | D:9      | Found a sacrificial altar of Ru.
 10290 | D:10     | Entered Level 10 of the Dungeon
 10418 | D:10     | Noticed Maurice
 10436 | D:10     | Killed Maurice
 10495 | D:10     | Learned a level 4 spell: Summon Ice Beast
 10511 | D:10     | Noticed a death knight
 10555 | D:10     | Reached XP level 11. HP: 79/84 MP: 19/22
 10761 | D:10     | Noticed Sonja
 10766 | D:10     | Killed Sonja
 10804 | D:10     | Reached skill level 6 in Invocations
 11079 | D:10     | Killed a death knight
 11188 | D:10     | Learned a level 3 spell: Regeneration
 11194 | D:10     | Learned a level 5 spell: Fireball
 11373 | D:10     | Noticed a two-headed ogre
 11391 | D:10     | Killed a two-headed ogre
 11451 | D:11     | Reached ****** piety under Cheibriados
 11591 | D:11     | Got a jewelled long sword
 11592 | D:11     | Identified the +4 long sword of Umicsij {freeze, Str+2} (You found it on level 11 of the Dungeon)
 11595 | D:11     | Found a staircase to the Orcish Mines.
 12509 | Orc:1    | Entered Level 1 of the Orcish Mines
 12585 | Orc:1    | Noticed an ettin
 12593 | Orc:1    | Killed an ettin
 12825 | Orc:1    | Reached XP level 12. HP: 76/93 MP: 13/24
 12958 | Orc:2    | Entered Level 2 of the Orcish Mines
 13009 | Orc:2    | Noticed Donald
 13018 | Orc:2    | Noticed a two-headed ogre
 13027 | Orc:2    | Killed a two-headed ogre
 13027 | Orc:2    | Killed Donald
 13027 | Orc:2    | Reached skill level 7 in Invocations
 13641 | Orc:2    | Found a roughly hewn altar of Beogh.
 13744 | Orc:2    | Found Roeheoko's Antique Armour Emporium.
 13761 | Orc:2    | Bought a pair of dazzling boots for 199 gold pieces
 13772 | Orc:2    | Identified the +1 pair of boots of Mexzepne {Slay+3 SInv} (You bought it in a shop on level 2 of the Orcish Mines)
 13784 | Orc:2    | Found Leshrur's Book Shoppe.
 13899 | Orc:2    | Noticed Josephine
 13910 | Orc:2    | Killed Josephine
 14143 | Orc:2    | Found a staircase to the Elven Halls.
 14213 | Orc:2    | Reached XP level 13. HP: 98/101 MP: 22/26
 14381 | Orc:2    | Noticed an orc warlord
 14401 | Orc:2    | Killed an orc warlord
 14687 | Orc:2    | Reached skill level 8 in Invocations
 14989 | Orc:2    | Gained mutation: Your system is resistant to poisons. (rPois) [evolution]
 15003 | Orc:2    | Found Hytot's General Store.
 15074 | Orc:2    | Found Ystrugar's Jewellery Shoppe.
 15093 | Orc:2    | Found a roughly hewn altar of Beogh.
 15121 | Orc:2    | Bought an uncursed ring of wizardry for 330 gold pieces
 15370 | Orc:1    | Noticed an orc warlord
 15378 | Orc:1    | Killed an orc warlord
 15758 | Orc:2    | Bought a shiny helmet for 157 gold pieces
 15771 | Orc:2    | Bought a runed helmet for 157 gold pieces
 15850 | Orc:2    | Bought a potion of brilliance for 68 gold pieces
 15850 | Orc:2    | Bought a scroll of blinking for 127 gold pieces
 15850 | Orc:2    | Bought a scroll of teleportation for 51 gold pieces
 15980 | D:12     | Noticed kohrah's ghost (journeyman GrFi)
 15993 | D:12     | Killed kohrah's ghost
 16010 | D:12     | Noticed Kirke
 16026 | D:12     | Killed Kirke
 16370 | D:12     | Noticed Snorg
 16379 | D:12     | Killed Snorg
 16944 | D:13     | Found Hiph's Book Boutique.
 16948 | D:13     | Found Wadeh's Book Shoppe.
 17013 | D:13     | Reached skill level 10 in Spellcasting
 17017 | D:13     | Found Oquclosm's Food Emporium.
 17042 | D:13     | Reached XP level 14. HP: 109/109 MP: 23/28
 17112 | D:13     | Found Ywnolek's Gadget Boutique.
 17189 | D:13     | Found Fazad's Distillery.
 17198 | D:13     | Bought a potion of heal wounds for 60 gold pieces
 17198 | D:13     | Bought a potion of heal wounds for 60 gold pieces
 17198 | D:13     | Bought a potion of heal wounds for 60 gold pieces
 17407 | D:13     | Lost mutation: You evolve. [evolution]
 17541 | D:13     | Got a twisted buckler
 17547 | D:13     | Identified the cursed +0 buckler "Fofeymuru" {rElec} (You found it on level 13 of the Dungeon)
 17814 | Lair:1   | Entered Level 1 of the Lair of Beasts
 17820 | Lair:1   | Upgraded the game from 0.21-a0-349-g0c35859 to 0.21-a0-350-g2362ee1
 17841 | Lair:1   | Reached skill level 10 in Fighting
 17841 | Lair:1   | Reached skill level 10 in Long Blades
 17985 | Lair:1   | Noticed Joseph
 17996 | Lair:1   | Killed Joseph
 18254 | Lair:1   | Noticed Gastronok
 18275 | Lair:1   | Killed Gastronok
 18275 | Lair:1   | Reached skill level 9 in Invocations
 19798 | Lair:3   | Found a staircase to the Snake Pit.
 20131 | Lair:3   | Found a staircase to the Swamp.
 21094 | Lair:4   | Found a blossoming altar of Fedhas.
 21566 | Lair:5   | Reached XP level 15. HP: 117/117 MP: 29/29
 22059 | Lair:5   | Reached skill level 10 in Throwing
 22059 | Lair:5   | Reached skill level 10 in Dodging
 22059 | Lair:5   | Reached skill level 10 in Summonings
 22419 | Lair:6   | Entered Level 6 of the Lair of Beasts
 22473 | Lair:6   | Reached skill level 10 in Stealth
 22594 | Lair:6   | Learned a level 8 spell: Controlled Blink
 22896 | Lair:6   | Found a staircase to the Slime Pits.
 23474 | Snake:1  | Entered Level 1 of the Snake Pit
 23493 | Lair:3   | Reached skill level 10 in Short Blades
 23493 | Lair:3   | Reached skill level 10 in Axes
 23493 | Lair:3   | Reached skill level 10 in Maces & Flails
 23493 | Lair:3   | Reached skill level 10 in Polearms
 23493 | Lair:3   | Reached skill level 10 in Staves
 23493 | Lair:3   | Reached skill level 10 in Slings
 23493 | Lair:3   | Reached skill level 10 in Bows
 23493 | Lair:3   | Reached skill level 10 in Crossbows
 23493 | Lair:3   | Reached skill level 10 in Armour
 23493 | Lair:3   | Reached skill level 10 in Shields
 23493 | Lair:3   | Reached skill level 10 in Unarmed Combat
 23493 | Lair:3   | Reached skill level 10 in Conjurations
 23493 | Lair:3   | Reached skill level 10 in Hexes
 23493 | Lair:3   | Reached skill level 10 in Charms
 23493 | Lair:3   | Reached skill level 10 in Necromancy
 23493 | Lair:3   | Reached skill level 10 in Translocations
 23493 | Lair:3   | Reached skill level 10 in Transmutations
 23493 | Lair:3   | Reached skill level 10 in Fire Magic
 23493 | Lair:3   | Reached skill level 10 in Ice Magic
 23493 | Lair:3   | Reached skill level 10 in Air Magic
 23493 | Lair:3   | Reached skill level 10 in Earth Magic
 23493 | Lair:3   | Reached skill level 10 in Poison Magic
 23493 | Lair:3   | Reached skill level 10 in Invocations
 23493 | Lair:3   | Reached skill level 10 in Evocations
 23811 | Snake:1  | Noticed Aizul
 23837 | Snake:1  | Killed Aizul
 24356 | Snake:1  | Found Ciesug's Jewellery Shop.
 24357 | Snake:1  | Found Xuqiuryu's Gadget Shoppe.
 24359 | Snake:1  | Found Dacse's Jewellery Shop.
 24364 | Snake:1  | Bought an uncursed amulet of magic regeneration for 450 gold pieces
 25084 | Snake:2  | Reached XP level 16. HP: 42/125 MP: 21/31
 25091 | Snake:2  | HP: 6/125 [naga sharpshooter/arrow (22)]
 25569 | Snake:2  | Found a runed gate.
 25569 | Snake:2  | Found a runed gate.
 25569 | Snake:2  | Found a runed gate.
 27227 | Snake:4  | Entered Level 4 of the Snake Pit
 27235 | Snake:4  | Reached skill level 11 in Invocations
 27264 | Snake:4  | Got a translucent spear
 27265 | Snake:4  | Identified the +7 spear of Recklessness {pain, MR++ Stlth-} (You found it on level 4 of the Snake Pit)
 27283 | Snake:4  | Noticed a nagaraja
 27297 | Snake:4  | Killed a nagaraja
 27297 | Snake:4  | Reached XP level 17. HP: 115/133 MP: 29/33
 27942 | Snake:4  | Found Kuutoiff's Gadget Emporium.
 28330 | Snake:4  | Got a serpentine rune of Zot
 28546 | Swamp:1  | Entered Level 1 of the Swamp
 29716 | Swamp:2  | Reached XP level 18. HP: 141/141 MP: 29/34
 30086 | Swamp:3  | Found a frozen archway.
 30141 | IceCv    | Entered an ice cave
 30405 | IceCv    | Identified Sif Muna's Reference Book on Hexes
 31280 | Swamp:4  | Entered Level 4 of the Swamp
 31289 | Swamp:4  | Reached skill level 12 in Invocations
 32128 | Swamp:4  | Got a decaying rune of Zot
 32149 | Swamp:4  | Upgraded the game from 0.21-a0-350-g2362ee1 to 0.21-a0-352-g5b8f553
 32560 | Swamp:3  | Learned a level 6 spell: Freezing Cloud
 32611 | Swamp:3  | Learned a level 6 spell: Invisibility
 32925 | D:14     | Found a runed door.
 33062 | D:14     | Found a gate to the Vaults.
 33344 | D:14     | Reached XP level 19. HP: 149/149 MP: 21/36
 33984 | D:15     | Entered Level 15 of the Dungeon
 34526 | D:15     | Found a staircase to the Depths.
 34532 | D:15     | Paralysed by a floating eye for 4 turns
 35044 | Elf:1    | Entered Level 1 of the Elven Halls
 35180 | Elf:1    | Found Qianluosu's Magic Scroll Shoppe.
 35329 | Elf:1    | Identified the Incunabulum of the Valley of Death
 36920 | Elf:2    | Found a huge runed gate.
 36920 | Elf:2    | Found a huge runed gate.
 36920 | Elf:2    | Found a huge runed gate.
 36922 | Elf:2    | Found a huge runed gate.
 36923 | Elf:2    | Found a huge runed gate.
 37698 | Elf:2    | Noticed Jorgrun
 37719 | Elf:2    | Killed Jorgrun
 37719 | Elf:2    | Reached XP level 20. HP: 128/157 MP: 23/37
 37733 | Elf:2    | Reached skill level 13 in Invocations
 38046 | Elf:3    | Entered Level 3 of the Elven Halls
 38503 | Elf:3    | Got an ichor-stained long sword {speed}
 38506 | Elf:3    | Identified the +11 long sword "Gites" {speed, Str+2} (You took it off a deep elf mage on level 3 of the Elven Halls)
 38560 | Elf:3    | Cast into level 2 of the Abyss (a deep elf sorcerer)
 38591 | Abyss:2  | Found a corrupted altar of Lugonu.
 39289 | Abyss:2  | Found a corrupted altar of Lugonu.
 39307 | Abyss:2  | Found a corrupted altar of Lugonu.
 39366 | Abyss:2  | Gained mutation: You expend magic power (3 MP) to strengthen your wands. [a cacodemon]
 39367 | Abyss:2  | Gained mutation: You are dopey. (Int -2) [a cacodemon]
 39375 | Abyss:2  | Paralysed by accursed screaming for 1 turns
 39404 | Elf:3    | Escaped the Abyss
 39461 | Elf:3    | Noticed a Brimstone Fiend
 39485 | Elf:3    | Got a warped silver ring
 39486 | Elf:3    | Identified the ring of the Establishment {rElec rC+ MR- Str+3 Int+4} (You took it off a deep elf demonologist on level 3 of the Elven Halls)
 39581 | Elf:3    | Learned a level 4 spell: Airstrike
 39931 | Elf:3    | Got a crystal mace {distort}
 39932 | Elf:3    | Identified the cursed +2 mace of Conflict {distort, Int+9 Stlth-} (You took it off a deep elf death mage on level 3 of the Elven Halls)
 39933 | Elf:3    | Upgraded the game from 0.21-a0-352-g5b8f553 to 0.21-a0-356-g45b0a09
 39934 | Elf:3    | Reached skill level 14 in Invocations
 39934 | Elf:3    | Upgraded the game from 0.21-a0-356-g45b0a09 to 0.21-a0-364-gbd1fde4
 40100 | Elf:3    | Got a dazzling dagger {drain}
 40102 | Elf:3    | Identified the +10 dagger "Liomob" {drain, *Contam rF+ Int+2 Dex+3} (You took it off a deep elf elementalist on level 3 of the Elven Halls)
 40127 | Elf:3    | Gained mutation: You are clumsy. (Dex -2) [mutagenic glow]
 40135 | Elf:3    | Identified the Catalogue of Mutagenic Fire
 40161 | Elf:3    | Got a jewelled dagger
 40163 | Elf:3    | Identified the +3 dagger "Fophuito" {drain, rPois} (You found it on level 3 of the Elven Halls)
 40241 | Elf:3    | Got a fine troll leather armour
 40253 | Elf:3    | Identified the +2 troll leather armour "Taawywn" {rPois Regen+ Int+3 Dex-2} (You took it off a deep elf sorcerer on level 3 of the Elven Halls)
 40338 | Elf:3    | Identified a +2 pair of boots of running (You found it on level 3 of the Elven Halls)
 40577 | Orc:2    | Upgraded the game from 0.21-a0-364-gbd1fde4 to 0.21-a0-368-g45f8505
 40761 | Lair:1   | Learned a level 5 spell: Bolt of Magma
 40913 | Depths:1 | Entered Level 1 of the Depths
 41666 | Depths:1 | Reached XP level 21. HP: 165/165 MP: 35/39
 41944 | Depths:1 | Found a one-way gate to the infinite horrors of the Abyss.
 42213 | Depths:1 | Found a gateway to Hell.
 42988 | Depths:2 | Paralysed by a great orb of eyes for 5 turns
 43116 | Depths:2 | Reached skill level 15 in Invocations
 43269 | Depths:2 | Found a one-way gate leading to the halls of Pandemonium.
 43396 | Depths:2 | Found Toutisis's Gadget Shoppe.
 43707 | Depths:2 | Got a pitted scale mail
 43709 | Depths:2 | Identified the cursed +1 scale mail of Existentialism {rF+ Dex+3} (You found it on level 2 of the Depths)
 43903 | Depths:3 | Found a flickering gateway to a bazaar.
 43997 | Depths:3 | Paralysed by a floating eye for 4 turns
 44034 | Bazaar   | Entered a bazaar
 44034 | Bazaar   | Found Kumyqer's General Store.
 44046 | Bazaar   | Found Hergha Juivu's Gadget Shoppe.
 44057 | Bazaar   | Found Galesuss's Antique Armour Boutique.
 44069 | Bazaar   | Found Liofaash's Magic Scroll Emporium.
 44073 | Bazaar   | Found Nuorezi's Antique Weapon Emporium.
 44122 | Bazaar   | Bought an ancient robe for 96 gold pieces
 44122 | Bazaar   | Bought a warped scale mail for 153 gold pieces
 44133 | Bazaar   | Bought a scroll of enchant weapon for 75 gold pieces
 44133 | Bazaar   | Bought a scroll of enchant armour for 75 gold pieces
 44133 | Bazaar   | Bought a scroll of identify for 20 gold pieces
 44133 | Bazaar   | Bought a scroll of recharging for 95 gold pieces
 44133 | Bazaar   | Bought a scroll of acquirement for 520 gold pieces
 44133 | Bazaar   | Bought a scroll of enchant armour for 75 gold pieces
 44133 | Bazaar   | Bought a scroll of brand weapon for 200 gold pieces
 44141 | Bazaar   | Bought a warped spear for 208 gold pieces
 44152 | Bazaar   | Bought a scroll of teleportation for 33 gold pieces
 44176 | Bazaar   | Identified the cursed +1 spear of the Scroll {flame, MP+9 Str+3 Int-4} (You bought it in a shop in a bazaar)
 44187 | Bazaar   | Identified the +0 robe of Peteusix {Int+5 Dex+2 Stlth-} (You bought it in a shop in a bazaar)
 44198 | Bazaar   | Identified the +3 scale mail of Time Monsters {rCorr Int+4} (You bought it in a shop in a bazaar)
 44244 | Depths:3 | Upgraded the game from 0.21-a0-368-g45f8505 to 0.21-a0-371-gd56c60c
 44280 | Depths:3 | Reached XP level 22. HP: 103/173 MP: 34/40
 44303 | Depths:3 | Slain by a cyan very ugly thing

Vault maps used:
D:1:      roderic_octagonal_star, minmay_split_cup_large
D:3:      grunt_temple_overflow_open
D:4:      tgw_trog, minmay_temple_entry_fiery, first_bread, ashenzari_altar_1,
          uniq_pikel
D:5:      eat_drink_and_be_merry_uskayaw, basic_altar
D:6:      enter_ossuary_5, basic_altar, minmay_small_thing, uniq_grinder,
          uniq_edmund, uniq_duvessa
D:7:      nicolae_overflow_crystal_walls, fedhas_altar_2,
          hangedman_decor_peaks_small
D:8:      serial_shops, shop, david_nohive_1
D:9:      nicolae_ru_great_annihilating_truth, dpeg_oklobed_lair
D:10:     minmay_bloctagon_deflated, uniq_maurice, uniq_sonja
D:11:     orc_0_dummy, minmay_liquid_box
D:12:     uniq_snorg, uniq_kirke
D:13:     serial_shops, shop, shop, kennysheep_mini_moat, nicolae_shop_stone,
          shop
D:14:     lightli_vaults_fourway_checkpoint, kennysheep_small_spiral,
          lightli_airlock
D:15:     hangedman_depths_entry_try_elsewhere_first, minmay_misc_feat_plants
Lair:1:   grunt_megastairs_1, lemuel_fruit_tree, uniq_gastronok, uniq_joseph
Lair:2:   special_room, zaba_antful_of_joy
Lair:3:   swamp_mist, guppyfry_snake_entry_garden, grunt_megastairs_3
Lair:4:   basic_altar, serial_bayou_shore_b
Lair:6:   evilmike_catoblepas_cave, nicolae_slime_entry_slimehenge
Swamp:1:  hangedman_swamp_lotus, swamp_pool1
Swamp:2:  evilmike_swamp_ruin_house_4
Swamp:3:  portal_ice_cave_entry_pillars_four, serial_swamp_ruin,
          evilmike_swamp_ruin_rubble_2, evilmike_swamp_ruin_house_5,
          evilmike_swamp_ruin_rubble_1, swamp_pool4
Swamp:4:  swamp_fiery
Snake:1:  st_stairs_4, serial_bayou_shore_b, minmay_shop_grove, uniq_aizul
Snake:2:  nicolae_snake_horde_hoard
Snake:4:  snake_pit, serial_shops, shop
Orc:1:    nicolae_orc_crystal_geode
Orc:2:    pubby_orc_utopia, uniq_donald, uniq_josephine
Elf:1:    serial_shops, shop, minmay_elf_necromancy, minivault_16
Elf:2:    uniq_jorgrun
Elf:3:    minmay_elf_hall_dome, lemuel_flamethrower_hall
Depths:1: abyss_entry_small_statue_room, serial_sigils_hangedman_etch,
          pf_dread_powers_of_hell, kennysheep_generic_room_7
Depths:2: minmay_crescents, grunt_pan_entry_spiral, serial_shops, shop,
          moated_statue, hell_entry
Depths:3: kennysheep_blocky_hall, hangedman_decor_clover_reticule,
          rand_demon_pan_entry_8, hell_entry, infiniplex_enter_wizlab_glasses,
          abyss_entry, serial_shops, bzr_entry_islet,
          infiniplex_staircase_squiggle
Bazaar:   bazaar_lake
Ossuary:  ossuary_tomb_3
IceCv:    ice_cave_statue_garden_chambered

Skill      XL: |  1  2  3  4  5  6  7  8  9 10 11 12 13 14 15 16 17 18 19 20 21 |
---------------+----------------------------------------------------------------+-----
Spellcasting   | 5 6 7 8 9 10 11 12 13 14 | 14.8
Short Blades   | 1 2 3 4 5 6 7 8 9 10 11 12 13 14 | 14.1
Axes           | 1 2 3 4 5 6 7 8 9 10 11 12 13 14 | 14.1
Maces & Flails | 1 2 3 4 5 6 7 8 9 10 11 12 13 14 | 14.1
Polearms       | 1 2 3 4 5 6 7 8 9 10 11 12 13 14 | 14.1
Staves         | 1 2 3 4 5 6 7 8 9 10 11 12 13 14 | 14.1
Slings         | 1 2 3 4 5 6 7 8 9 10 11 12 13 14 | 14.1
Bows           | 1 2 3 4 5 6 7 8 9 10 11 12 13 14 | 14.1
Crossbows      | 1 2 3 4 5 6 7 8 9 10 11 12 13 14 | 14.1
Armour         | 1 2 3 4 5 6 7 8 9 10 11 12 13 14 | 14.1
Shields        | 1 2 3 4 5 6 7 8 9 10 11 12 13 14 | 14.1
Unarmed Combat | 1 2 3 4 5 6 7 8 9 10 11 12 13 14 | 14.1
Conjurations   | 1 2 3 4 5 6 7 8 9 10 11 12 11 12 | 12.1
Hexes          | 1 2 3 4 5 6 7 8 9 10 11 12 11 12 | 12.1
Charms         | 1 2 3 4 5 6 7 8 9 10 11 12 11 12 | 12.1
Necromancy     | 1 2 3 4 5 6 7 8 9 10 11 12 11 12 | 12.1
Translocations | 1 2 3 4 5 6 7 8 9 10 11 12 11 12 | 12.1
Transmutations | 1 2 3 4 5 6 7 8 9 10 11 12 11 12 | 12.1
Fire Magic     | 1 2 3 4 5 6 7 8 9 10 11 12 11 12 | 12.1
Ice Magic      | 1 2 3 4 5 6 7 8 9 10 11 12 11 12 | 12.1
Air Magic      | 1 2 3 4 5 6 7 8 9 10 11 12 11 12 | 12.1
Earth Magic    | 1 2 3 4 5 6 7 8 9 10 11 12 11 12 | 12.1
Poison Magic   | 1 2 3 4 5 6 7 8 9 10 11 12 11 12 | 12.1
Invocations    | 1 2 3 4 5 6 7 8 9 10 11 12 14 15 | 15.2
Evocations     | 1 2 3 4 5 6 7 8 9 10 11 12 13 14 | 14.1
Throwing       | 3 4 5 6 7 8 9 10 11 12 13 14 | 14.3
Dodging        | 3 4 5 6 7 8 9 10 11 12 13 14 | 14.3
Summonings     | 3 4 5 6 7 8 9 10 11 12 13 11 12 | 12.3
Stealth        | 3 4 5 6 7 8 9 10 11 12 13 14 | 14.3
Fighting       | 5 6 7 8 9 10 11 12 13 14 | 14.7
Long Blades    | 5 6 7 8 9 10 11 12 13 14 | 14.7

Action                   |  1- 3 |  4- 6 |  7- 9 | 10-12 | 13-15 | 16-18 | 19-21 | 22-24 || total
-------------------------+-------+-------+-------+-------+-------+-------+-------+-------++-------
Melee: Quarterstaff      |    77 |    45 |       |       |       |       |       |       ||   122
       Bite              |     2 |     9 |    38 |    84 |   176 |   200 |   279 |     3 ||   791
       Spear             |       |     6 |       |       |       |   369 |   787 |       ||  1162
       Dagger            |       |    27 |       |       |       |       |    18 |       ||    45
       Mace              |       |    18 |    54 |    20 |       |       |       |       ||    92
       Great sword       |       |     5 |       |       |    58 |       |     9 |       ||    72
       Punch             |       |     1 |     3 |    13 |    17 |       |     4 |       ||    38
       Whip              |       |       |   119 |       |       |       |       |       ||   119
       Rapier            |       |       |    32 |   217 |   495 |    46 |   153 |       ||   943
       Kick              |       |       |    25 |   169 |       |       |       |       ||   194
       Dire flail        |       |       |     4 |    11 |       |       |       |       ||    15
       Shortbow          |       |       |       |     8 |       |       |       |       ||     8
       Long sword        |       |       |       |    68 |   148 |   540 |       |       ||   756
       Scimitar          |       |       |       |    36 |       |       |       |       ||    36
       Battleaxe         |       |       |       |    14 |    17 |       |       |       ||    31
       Staff             |       |       |       |       |     9 |       |       |       ||     9
       Blowgun           |       |       |       |       |     1 |       |       |       ||     1
       Unarmed           |       |       |       |       |       |     1 |       |       ||     1
       Executioner's axe |       |       |       |       |       |       |   356 |    10 ||   366
 Fire: Blowgun           |       |    13 |     7 |    15 |    50 |       |       |       ||    85
       Shortbow          |       |       |       |    26 |       |       |       |       ||    26
Throw: Javelin           |     1 |    13 |     5 |     9 |     3 |       |       |       ||    31
       Tomahawk          |       |       |     2 |       |     1 |       |       |       ||     3
       Throwing net      |       |       |       |       |     3 |     1 |       |       ||     4
 Cast: Summon Small Mamm |    18 |    23 |    21 |     4 |     3 |       |       |       ||    69
       Call Canine Famil |     5 |    13 |    24 |    23 |    12 |     9 |    33 |     1 ||   120
       Summon Lightning  |       |       |    10 |    14 |    21 |    22 |     1 |       ||    68
       Summon Ice Beast  |       |       |       |    11 |    56 |    99 |   113 |       ||   279
       Sticky Flame      |       |       |       |    27 |    89 |   143 |   104 |       ||   363
       Fireball          |       |       |       |     1 |    11 |    36 |    36 |     3 ||    87
       Regeneration      |       |       |       |     2 |    12 |    32 |    49 |     1 ||    96
       Freezing Cloud    |       |       |       |       |       |     5 |     6 |       ||    11
       Bolt of Magma     |       |       |       |       |       |       |    31 |       ||    31
       Airstrike         |       |       |       |       |       |       |    14 |       ||    14
Invok: Slouch            |       |       |       |     4 |     4 |     4 |    21 |       ||    33
 Abil: Blink             |       |       |       |     2 |       |       |     1 |       ||     3
       Evoke Flight      |       |       |       |       |       |       |     1 |       ||     1
Evoke: Wand              |       |       |       |     1 |    14 |     1 |     9 |       ||    25
       Phial of floods   |       |       |       |       |     1 |     1 |     2 |       ||     4
       Box of beasts     |       |       |       |       |       |       |     1 |       ||     1
  Use: Scroll            |       |     3 |     7 |     7 |    15 |    10 |    15 |     1 ||    58
       Potion            |       |     1 |    10 |     1 |     3 |     1 |     1 |       ||    17
 Stab: Sleeping          |     7 |     2 |     7 |    25 |    41 |     8 |    10 |       ||   100
       Distracted        |       |     2 |     8 |     7 |    13 |    29 |    19 |       ||    78
       Confused          |       |       |       |       |       |     1 |     1 |       ||     2
       Invisible         |       |       |       |       |       |       |     8 |       ||     8
  Eat: Chunk             |     2 |     7 |    15 |    12 |    20 |     6 |    20 |       ||    82
       Fruit             |       |     1 |     2 |       |       |     1 |     2 |       ||     6
       Meat ration       |       |       |       |       |     1 |     2 |     1 |       ||     4
       Bread ration      |       |       |       |       |       |     1 |       |     1 ||     2
Armor: Robe              |     7 |     6 |    19 |    11 |       |       |       |       ||    43
       Leather armour    |       |       |       |     8 |       |       |       |       ||     8
       Acid dragon scale |       |       |       |     4 |       |       |       |       ||     4
       Troll leather arm |       |       |       |     3 |   116 |    39 |       |       ||   158
       Plate armour      |       |       |       |    39 |    67 |   280 |   334 |     3 ||   723
       Steam dragon scal |       |       |       |       |       |     2 |    54 |       ||    56
       Scale mail        |       |       |       |       |       |       |     2 |       ||     2
Dodge: Dodged            |    63 |    71 |   163 |   296 |   792 |   942 |  1125 |     7 ||  3459
Block: Buckler           |       |       |       |       |   221 |   539 |   280 |       ||  1040
       Rpst.: Great sword |       |     1 |       |       |    19 |       |     4 |       ||    24
       Long sword        |       |       |       |    12 |    47 |   126 |       |       ||   185
       Scimitar          |       |       |       |     5 |       |       |       |       ||     5

Table legend:
 A = Spawn XP
 B = Non-spawn XP
 C = Spawn XP percentage of total XP
 D = Spawn monster count
 E = Non-spawn monster count
 F = Spawn count percentage of total count
 G = Total turns spent on level
                    A         B        C        D         E        F      G
               +---------+---------+-------+---------+---------+-------+---------
         Total |    7050 |  593704 |   1.2 |      22 |    1672 |   1.3 | 44303
               +---------+---------+-------+---------+---------+-------+---------
           D:1 |       0 |      41 |   0.0 |       0 |      28 |   0.0 |  1091
           D:2 |       0 |     162 |   0.0 |       0 |      21 |   0.0 |   622
           D:3 |       0 |     134 |   0.0 |       0 |      23 |   0.0 |  1260
           D:4 |       0 |    1219 |   0.0 |       0 |      27 |   0.0 |  1905
           D:5 |       0 |     359 |   0.0 |       0 |      11 |   0.0 |   918
           D:6 |       0 |    1347 |   0.0 |       0 |      32 |   0.0 |  1049
           D:7 |       0 |     401 |   0.0 |       0 |      20 |   0.0 |   933
           D:8 |       0 |    3325 |   0.0 |       0 |      60 |   0.0 |   951
           D:9 |       0 |    1493 |   0.0 |       0 |      29 |   0.0 |  1171
          D:10 |       0 |    5990 |   0.0 |       0 |      31 |   0.0 |  1197
          D:11 |       0 |    1290 |   0.0 |       0 |      22 |   0.0 |  1221
          D:12 |       0 |   10219 |   0.0 |       0 |      46 |   0.0 |  1034
          D:13 |       0 |    6775 |   0.0 |       0 |      24 |   0.0 |   940
          D:14 |       0 |   20925 |   0.0 |       0 |      52 |   0.0 |  1135
          D:15 |       0 |   19800 |   0.0 |       0 |      41 |   0.0 |  1088
        Lair:1 |       0 |    5218 |   0.0 |       0 |      19 |   0.0 |  1044
        Lair:2 |       0 |    9123 |   0.0 |       0 |      75 |   0.0 |  1161
        Lair:3 |       0 |    6410 |   0.0 |       0 |      30 |   0.0 |  1035
        Lair:4 |       0 |    7873 |   0.0 |       0 |      31 |   0.0 |   919
        Lair:5 |       0 |    4761 |   0.0 |       0 |      25 |   0.0 |   915
        Lair:6 |       0 |   14994 |   0.0 |       0 |      40 |   0.0 |   983
       Swamp:1 |       0 |    3311 |   0.0 |       0 |      12 |   0.0 |   699
       Swamp:2 |       0 |   14341 |   0.0 |       0 |      44 |   0.0 |   756
       Swamp:3 |       0 |   19484 |   0.0 |       0 |      52 |   0.0 |  1039
       Swamp:4 |       0 |   31967 |   0.0 |       0 |      75 |   0.0 |  1048
       Snake:1 |       0 |   17304 |   0.0 |       0 |      36 |   0.0 |  1362
       Snake:2 |       0 |   28863 |   0.0 |       0 |      71 |   0.0 |  1052
       Snake:3 |       0 |   21362 |   0.0 |       0 |      41 |   0.0 |  1309
       Snake:4 |       0 |   51303 |   0.0 |       0 |      94 |   0.0 |  1230
         Orc:1 |       0 |    5420 |   0.0 |       0 |      49 |   0.0 |  1081
         Orc:2 |       0 |   21369 |   0.0 |       0 |     145 |   0.0 |  2564
         Elf:1 |       0 |   25740 |   0.0 |       0 |      44 |   0.0 |  1553
         Elf:2 |       0 |   42105 |   0.0 |       0 |      62 |   0.0 |  1486
         Elf:3 |       0 |   40202 |   0.0 |       0 |      45 |   0.0 |  1636
      Depths:1 |       0 |   61569 |   0.0 |       0 |      81 |   0.0 |  1470
      Depths:2 |       0 |   41372 |   0.0 |       0 |      44 |   0.0 |  1390
      Depths:3 |       0 |   24219 |   0.0 |       0 |      27 |   0.0 |   156
       Abyss:2 |    7050 |   14558 |  32.6 |      22 |      25 |  46.8 |   844
       Ossuary |       0 |     127 |   0.0 |       0 |      16 |   0.0 |   446
         IceCv |       0 |    7229 |   0.0 |       0 |      22 |   0.0 |   425
               +---------+---------+-------+---------+---------+-------+---------
